 Dungeon Crawl Stone Soup version 0.24-a0-280-g7cec4da (webtiles) character file.

Game seed: 5662207403750882258

30 science1 the Caller (level 3, 0/19 HPs)
             Began as a Deep Elf Summoner on May 6, 2019.
             Succumbed to an adder's poison
             ... on level 2 of the Dungeon.
             The game lasted 00:11:14 (2008 turns).

science1 the Caller (Deep Elf Summoner)             Turns: 2008, Time: 00:11:15

Health: 0/19       AC:  3    Str:  5    XL:     3   Next: 3%
Magic:  6/9        EV: 13    Int: 20    God:
Gold:   67         SH:  0    Dex: 15    Spells: 7/8 levels left

rFire    . . .     SeeInvis .   d - +0 short sword
rCold    . . .     Gourm    .   (no shield)
rNeg     . . .     Faith    .   a - +1 robe
rPois    .         Spirit   .   (no helmet)
rElec    .         Reflect  .   (no cloak)
rCorr    .         Harm     .   (no gloves)
MR       .....                  (no boots)
Stlth    ++........             (no amulet)
HPRegen  0.06/turn              (no ring)
MPRegen  0.11/turn              (no ring)

@: lethally poisoned (0 -> -6)
A: no striking features
a: no special abilities


You were on level 2 of the Dungeon.
You were not hungry.

You visited 1 branch of the dungeon, and saw 2 of its levels.

You collected 67 gold pieces.

Inventory:

Hand Weapons
 b - a +0 club
 d - a +0 short sword (weapon)
Armour
 a - a +1 robe (worn)
 f - a +0 robe
Jewellery
 e - an uncursed ring of wizardry {unknown}
Comestibles
 c - a ration
 h - 2 chunks of flesh


   Skills:
 + Level 0.1 Fighting
 + Level 0.3 Short Blades
 + Level 2.5 Dodging
 + Level 3.1 Stealth
 + Level 3.4 Spellcasting
 + Level 4.9 Summonings


You had 7 spell levels left.
You knew the following spells:

 Your Spells              Type           Power        Failure   Level  Hunger
a - Summon Small Mammal   Summ           ###.         1%          1    None

Your spell library contained the following spells:

 Spells                   Type           Power        Failure   Level  Hunger
 Call Imp                 Summ           ###.....     2%          2    ##.....
 Call Canine Familiar     Summ           ###.....     5%          3    ###....
 Summon Guardian Golem    Hex/Summ       ##......     16%         3    ###....
 Summon Ice Beast         Ice/Summ       ##......     45%         4    ####...
 Summon Lightning Spire   Summ/Air       ##......     45%         4    ####...


Dungeon Overview and Level Annotations

Branches:
Dungeon (2/15)

Altars:
Kikubaaqudgha
Xom


Message History

* * * LOW HITPOINT WARNING * * *
You are lethally poisoned!
The adder poisons you!
* * * LOW HITPOINT WARNING * * *
You feel sick.
Your quokka completely misses the adder.
Your quokka barely misses the adder.
Casting: Summon Small Mammal (safe; 1% risk of failure)
Confirm with . or Enter, or press ? or * to list all spells.
The adder misses you.
Your quokka bites the adder but does no damage.
You swap places.
* * * LOW HITPOINT WARNING * * *
You feel sick.
Your bat closely misses the adder.
Your bat misses the adder. The adder barely misses you.
Your quokka misses the adder.
As you read the scroll labeled ONGOMUZEEK, it crumbles to dust.
It is a scroll of enchant armour.
Your +0 robe glows green for a moment.
You die...

##'## #... ##†..## #...
##..†..## #...
##.......## ##..#
####.........####...####
...'.....b...+..........
####..rr.....####...####
##..S....## ##..#
##.@...## ##.### ##..)##
#...# ##'## ###.# #.#
#.# #.# #.# ##.## #.#
##...## #.# ###.....#
#.# .........## #.#


You could see an adder, 2 friendly quokkas and a friendly bat.

Vanquished Creatures
  2 goblins
  A hobgoblin (D:1)
  3 bats
  4 frilled lizards
  2 kobolds
  2 rats
14 creatures vanquished.

Vanquished Creatures (collateral kills)
  2 adders (D:2)
  3 goblins
  3 hobgoblins
  2 frilled lizards
  2 kobolds (D:2)
12 creatures vanquished.

Grand Total: 26 creatures vanquished

Notes
Turn   | Place    | Note
-------+----------+-------------------------------------------
     0 | D:1      | science1 the Deep Elf Summoner began the quest for the Orb.
     0 | D:1      | Reached XP level 1. HP: 10/10 MP: 6/6
    69 | D:1      | Found a shimmering altar of Xom.
   742 | D:1      | Reached XP level 2. HP: 15/15 MP: 8/8
  1061 | D:2      | Found an ancient bone altar of Kikubaaqudgha.
  1498 | D:2      | Found a faded altar of an unknown god.
  1976 | D:2      | Reached XP level 3. HP: 4/19 MP: 6/9
  2008 | D:2      | Succumbed to an adder's poison

Levels and vault maps discovered:
D:1:      dpeg_arrival_erosion, layout_loops_ring, xom_teletrap_fun
D:2:      layout_loops_corners, marbit_many_paths,
          chequers_ecumenical_altar_simple, minmay_heptomino_o4

Skill      XL: |  1 |
---------------+----+-----
Stealth        | 3 |  3.1
Fighting       | |  0.1
Short Blades   | |  0.3
Dodging        | |  2.5
Spellcasting   | |  3.4
Summonings     | |  4.9

Action                   || total
-------------------------++-------
Melee: Short sword       ||    64
 Cast: Summon Small Mamm ||    37
  Use: Scroll            ||     1
 Stab: Sleeping          ||     4
  Eat: Ration            ||     1
Armor: Robe              ||     5
Dodge: Dodged            ||    45

Table legend:
 A = Non-vault XP
 B = Vault XP
 C = Vault XP percentage of total XP
 D = Non-vault monster count
 E = Vault monster count
 F = Vault count percentage of total count
                 A         B        C        D         E       F
            +---------+---------+-------+---------+---------+-------
      Total |      40 |       3 |   7.0 |      24 |       2 |   7.7
            +---------+---------+-------+---------+---------+-------
        D:1 |      13 |       0 |   0.0 |      11 |       0 |   0.0
        D:2 |      27 |       3 |  10.0 |      13 |       2 |  13.3
            +---------+---------+-------+---------+---------+-------
